 BcadrenCrawl: Boulder Brew version 0.04-3-g5ec7fb31a4 (webtiles) character file.

Game seed: 14170379484128219796, levelgen mode: deterministic

102 Chiseanne the Ducker (level 5, 36/36 HPs) Goblin Demonspawn. Began on Mar 21, 2021. Quit the game on level 1 of the Dungeon. The game lasted 00:01:36 (847 turns).

Chiseanne the Ducker (Goblin Demonspawn)             Turns: 847, Time: 00:01:37

Health: 36/36      AC:  3    Str:  8    XL:     5 ^: 122
Magic:  6/6        EV: 17    Int:  6    God:
Gold:   87         SH:  0    Dex:  6    Spells: 7/8 levels left

rFire    + . .     Vision   .   a - +0 long sword
rCold    . . .     Gourm    .   h - +0 short sword
rNeg     . . .     Faith    .   b - +0 leather armour
rPois    .         Spirit   .   (helmet restricted)
rElec    .         Reflect  .   (no cloak)
rCorr    .         Harm     .   (no gloves)
MR       .....                  (no boots)
Stlth    +.........             (no amulet)
HPRegen  0.22/turn              (no ring)
MPRegen  0.16/turn              (no ring)

@: no status effects
A: small, stagnant stats, goblin's greed, antennae 1, repulsion field 1, fire
resistance 1, low mp 1, mutation resistance 1, god's pity 2
a: no special abilities


You were on level 1 of the Dungeon.
You were not hungry.

You visited 1 branch of the dungeon, and saw 2 of its levels.

You collected 72 gold pieces.

Inventory:

Weapons
 a - a +0 long sword (weapon)
 h - a +0 short sword (weapon)
Armour
 b - a +0 leather armour (worn)
Scrolls
 c - a scroll of enchantment
 f - 2 scrolls of bless item
 g - a scroll of fog
Potions
 e - a potion of cancellation
 i - a potion of curing
Comestibles
 d - 2 rations


   Skills:
 * Level 3.5 Fighting
 - Level 2.6 Long Blades
 * Level 5.3 Dodging
 - Level 2.6 Stealth
 * Level 2.2 Spellcasting
 - Level 2.6 Fire Magic
   Level 4.0 Invocations


You had 7 spell levels left.
You knew the following spells:

 Your Spells              Type           Power        Failure   Level  Hunger
a - Flame Tongue          Fire           3 (30)       16%         1    ##.....

Your spell library contained the following spells:

 Spells                   Type           Power        Failure   Level  Hunger
 Conjure Flame            Fire           3 (100)      43%         3    ####...
 Blink                    Tloc           N/A          58%         2    ###....
 Call Imp                 Summ           0 (100)      58%         2    ###....
 Slow                     Hex            0 (100)      58%         2    ###....
 Mephitic Cloud           Pois/Air       0 (100)      82%         3    ####...


Dungeon Overview and Level Annotations

Branches:
Dungeon (2/8)

Altars:


Innate Abilities, Weirdness & Mutations

Your stats never grow through leveling.
Your goblin ancestry allows you to find more gold. (+20%)
You are small and have problems with some larger weapons.
You have a pair of small antennae on your head.
You are surrounded by a mild repulsion field. (EV +2)
You are heat resistant. (rF+)
Your magical capacity is low. (-10% MP)
You are somewhat resistant to further mutation.
The pity of the gods increases the power of your passive and invoked divine abilities.


Message History

The sewer rat bites you but does no damage.
You barely miss the sewer rat. You hit the sewer rat but do no damage.
The sewer rat closely misses you (0). The sewer rat barely misses you (0).
The sewer rat closely misses you (0).
You closely miss the sewer rat. You hit the sewer rat (3).
The sewer rat misses you (0). x2
You barely miss the sewer rat. x2; The sewer rat misses you (0).
You riposte.
You hit the sewer rat (6). The sewer rat closely misses you (0).
The sewer rat blocks your attack.
You closely miss the sewer rat. The sewer rat misses you (0).
The sewer rat closely misses you (0).
You riposte.
You closely miss the sewer rat.
The sewer rat completely misses you (0).
You barely miss the sewer rat. x2; The sewer rat barely misses you (0).
The sewer rat misses you (0).
You barely miss the sewer rat. You hit the sewer rat (4).
You kill the sewer rat!
You have reached level 5!
Your demonic ancestry asserts itself...
A pair of antennae grows on your head!
Are you sure you want to abandon this character and quit the game? (Confirm with "yes".)

#.....#).....###............
##.......#.#.# #............
#.......#.#.# #............
#.......#.#.# #............
#.#######.#?###............
#.# ##.#................
##'######......######......)
#...#..........##...........
#...#......@†≈.##...........
#...#......#>≈..........[...
#........=.≈≈.........####..
#.............##......# ##..
##.............#.###### #...
#....####.....#.##### #...
#...............#...####...
#.............###......##..
####........#+##.#.#......##..


There were no monsters in sight!

Vanquished Creatures
  3 giant cockroaches (D:1)
  A sewer rat (D:1)
  3 cinder newts (D:1)
  An ooze (D:2)
  A dart slug (D:1)
  2 leopard geckos (D:1)
  A goblin (D:1)
  3 hobgoblins (D:1)
  5 bats (D:1)
  5 kobolds (D:1)
  A rat (D:1)
  A rat skeleton (D:2)
27 creatures vanquished.

Vanquished Creatures (others)
  7 withered plants (D:2)
7 creatures vanquished.

Grand Total: 34 creatures vanquished

Notes
Turn   | Place    | Note
-------+----------+-------------------------------------------
     0 | D:1      | Chiseanne the Goblin Demonspawn began the quest for the
                  | Orb.
     0 | D:1      | Reached XP level 1. HP: 13/13 MP: 2/2
    33 | D:1      | Gained mutation: You are heat resistant. (rF+) [demonic
                  | ancestry]
    33 | D:1      | Reached XP level 2. HP: 19/19 MP: 3/3
   114 | D:1      | Gained mutation: You are surrounded by a mild repulsion
                  | field. (EV +2) [demonic ancestry]
   114 | D:1      | Reached XP level 3. HP: 12/25 MP: 4/4
   288 | D:1      | Reached skill level 5 in Dodging
   288 | D:1      | Reached XP level 4. HP: 30/31 MP: 5/5
   846 | D:1      | Gained mutation: You have a pair of small antennae on your
                  | head. [demonic ancestry]
   846 | D:1      | Reached XP level 5. HP: 36/36 MP: 6/6
   847 | D:1      | Quit the game

Levels and vault maps discovered:
D:1:      doesnt_arrival_eight_statues, layout_basic, first_ration
D:2:      layout_sewer, grunt_gozag_breadcrumbs, sewer_minmay_treatment,
          uniq_purgy, uniq_natasha, uniq_menkaure

Skill      XL: |  1  2  3  4 |
---------------+-------------+-----
Fighting       | 2 3 |  3.5
Dodging        | 5 |  5.3
Spellcasting   | 2 |  2.2
Long Blades    | |  2.6
Stealth        | |  2.6
Fire Magic     | |  2.6
Invocations    | |  4.0

Action                   |  1- 3 |  4- 6 || total
-------------------------+-------+-------++-------
Melee: Long sword        |    50 |    31 ||    81
       Unarmed           |    38 |       ||    38
       Short sword       |     6 |    27 ||    33
 Stab: Sleeping          |       |     1 ||     1
Armor: Leather armour    |    13 |     6 ||    19
Dodge: Dodged            |    48 |    54 ||   102
       Rpst.: Long sword |    17 |    16 ||    33
